 Dungeon Sprint DCSS version 0.30.1-9-gdf580d7c3d (webtiles) character file.

Game seed: 5507639263837047545

1423 Heoruswealwe the Impaler (level 8, -4/83 HPs)
             Began as a Minotaur Fighter on Oct 20, 2023.
             Was an Initiate of Gozag.
             Shot with an arrow by a centaur warrior (13 damage)
             ... in the Dungeon (Sprint IX: "|||||||||||||||||||||||||||||").
             The game lasted 00:04:30 (355 turns).

Heoruswealwe the Impaler (Minotaur Fighter)          Turns: 355, Time: 00:04:30

Health: -4/83      AC: 16    Str: 26    XL:     8   Next: 44%
Magic:  7/7        EV:  8    Int:  5    God:    Gozag
Gold:   450        SH:  0    Dex: 10    Spells: 7/7 levels left

rFire   . . .        b - +2 halberd (venom)
rCold   . . .        (shield currently unavailable)
rNeg    . . .        c - +0 plate armour
rPois   .            (helmet restricted)
rElec   .            (no cloak)
rCorr   .            f - +0 pair of gloves
SInv    .            (no boots)
Will    .....        (no amulet) Stlth
                     k - +3 ring of strength
HPRegen 0.33/turn    (no ring)
MPRegen 0.10/turn

%: no teleportation
@: no status effects
A: horns 2, retaliatory headbutt
a: Renounce Religion, Potion Petition, Call Merchant, Bribe Branch


You were in the Dungeon.
You worshipped Gozag.
Gozag was aware of your devotion.
You visited 1 branch You collected 450 gold pieces.

Inventory:

Hand Weapons
 a - a +1 trident of protection
 b - a +2 halberd of venom (weapon)
Armour
 c - a +0 plate armour (worn)
 d - a +0 buckler
 f - a +0 pair of gloves (worn)
Jewellery
 k - a +3 ring of strength (left hand)
Wands
 h - a wand of iceblast (10)
Potions
 e - a potion of curing
 g - a potion of haste
 i - a potion of berserk rage
 m - a potion of might


   Skills:
 + Level 11.9 Fighting
 * Level 15.8 Polearms
 + Level 11.9 Armour
 - Level 3.6 Shields


You had 7 spell levels left.
You didn't know any spells.
Your spell library was empty.

Dungeon Overview and Level Annotations

Branches:
Dungeon (1/1)

Altars:
Cheibriados
Dithmenos
Elyvilon
Fedhas
Gozag
Hepliaklqana
Kikubaaqudgha
Makhleb
Nemelex Xobeh
Okawaru
Qazlal
Ru
Sif Muna
Trog
Uskayaw
Vehumet
Wu Jian
Xom
Yredelemnul
Zin
The Shining One
Jiyva
Lugonu


Innate Abilities, Weirdness & Mutations

You have a pair of horns on your head.
You reflexively headbutt those who attack you in melee.


Message History

There is an open door to the Dungeon, spattered with blood here.
Items here: )) [[.
You have turned to stone.
The catoblepas breathes a plume of calcifying dust at you.
The blast of calcifying dust hits the centaur warrior.
The blast of calcifying dust hits you but does no damage.
You are engulfed in calcifying dust. x3
You turn to flesh and can move again.
You close the door, pushing everything out of the way.
Things that are here:
a +0 plate armour; a +0 trident You are engulfed in calcifying dust.
You are slowing down.
Your limbs are stiffening.
You start resting.
You have turned to stone.
A centaur warrior opens the door.
The centaur warrior shoots an arrow.
The arrow hits you!
* * * LOW HITPOINT WARNING * * *
The centaur warrior shoots an arrow.
The arrow hits you but does no damage.
The centaur warrior shoots an arrow.
The arrow hits you.
* * * LOW HITPOINT WARNING * * *
The centaur warrior shoots an arrow.
The arrow hits you.
* * * LOW HITPOINT WARNING * * *
The centaur warrior shoots an arrow.
The arrow hits you.
You turn to flesh and can move again.
Blink to where?
Press: ? - help, Dir - move target
As you read the scroll of blinking, it crumbles to dust.
There is an open door here.
The centaur warrior shoots an arrow.
The arrow hits you but does no damage.
There is a glowing golden altar of the Shining One here.
You feel better.
The centaur warrior shoots an arrow.
The arrow barely misses you.
You feel better.
The centaur warrior shoots an arrow.
The arrow hits you!
* * * LOW HITPOINT WARNING * * *
You feel better.
The centaur warrior shoots an arrow.
The arrow hits you!
* * * LOW HITPOINT WARNING * * *
You feel better.
The centaur warrior shoots an arrow.
The arrow hits you!
You die...
Your body crumbles into a pile of gold.

▓.▓
$
▓Y▓
▓c▓
$
▓[▓
$
▓)▓
$
▓?▓
$
▓!▓
$
▓'▓
▓@▓
$
▓_▓
$
▓_▓
$
▓_▓
$
▓_▓
$
▓_▓
$
▓_▓
$
▓_▓
$
▓_▓


You could see a catoblepas and a centaur warrior.

Vanquished Creatures
  An unseen horror (D)
  A komodo dragon (D)
  A tarantella (shapeshifter) (D)
  A wraith (D)
  An orc warrior (D)
  A centaur (D)
  A phantom (D)
  A gnoll sergeant (D)
  A scorpion (D)
  A howler monkey (D)
  A hound (D)
  An orc (D)
  A bat (D)
  An endoplasm (D)
  A hobgoblin (D)
  A quokka (D)
  2 rats (D)
18 creatures vanquished.

Vanquished Creatures (others)
  A vampire (D)
1 creature vanquished.

Grand Total: 19 creatures vanquished

Notes
Turn   | Place    | Note
-------+----------+-------------------------------------------
     0 | D        | Heoruswealwe the Minotaur Fighter began the quest for the
                  | Orb.
     0 | D        | Reached XP level 1. HP: 19/19 MP: 0/0
     8 | D        | Reached skill level 3 in Polearms
    33 | D        | Noticed a hound
    33 | D        | Noticed a scorpion
    33 | D        | Noticed a phantom
    42 | D        | Killed a phantom
    43 | D        | Reached skill level 7 in Polearms
    43 | D        | Reached XP level 2. HP: 29/30 MP: 1/1
    43 | D        | Reached XP level 3. HP: 36/37 MP: 2/2
    43 | D        | Reached XP level 4. HP: 43/44 MP: 3/3
    48 | D        | Killed a scorpion
    49 | D        | Reached skill level 8 in Polearms
    49 | D        | Reached XP level 5. HP: 49/52 MP: 4/4
    51 | D        | Reached skill level 9 in Polearms
    58 | D        | Found a snail-covered altar of Cheibriados.
    58 | D        | Found a shadowy altar of Dithmenos.
    58 | D        | Found a white marble altar of Elyvilon.
    58 | D        | Found a blossoming altar of Fedhas.
    58 | D        | Found an opulent altar of Gozag.
    59 | D        | Found a hazy altar of Hepliaklqana.
    60 | D        | Found a viscous altar of Jiyva.
    61 | D        | Found an ancient bone altar of Kikubaaqudgha.
    62 | D        | Found a corrupted altar of Lugonu.
    63 | D        | Found a burning altar of Makhleb.
    64 | D        | Found a sparkling altar of Nemelex Xobeh.
    65 | D        | Found an iron altar of Okawaru.
    66 | D        | Became a worshipper of Gozag Ym Sagoz the Greedy
    67 | D        | Found a stormy altar of Qazlal.
    68 | D        | Found a sacrificial altar of Ru.
    69 | D        | Found a shimmering blue altar of Sif Muna.
    70 | D        | Found a bloodstained altar of Trog.
    71 | D        | Found a hide-covered altar of Uskayaw.
    72 | D        | Found a radiant altar of Vehumet.
    73 | D        | Found an ornate altar of the Wu Jian Council.
    74 | D        | Found a shimmering altar of Xom.
    75 | D        | Found a basalt altar of Yredelemnul.
    76 | D        | Found a glowing silver altar of Zin.
    77 | D        | Found a glowing golden altar of the Shining One.
   132 | D        | Noticed a wraith
   132 | D        | Noticed a centaur
   132 | D        | Noticed an orc warrior
   139 | D        | Killed an unseen horror
   140 | D        | Reached skill level 12 in Polearms
   140 | D        | Reached XP level 6. HP: 33/64 MP: 5/5
   154 | D        | Killed an orc warrior
   155 | D        | Reached skill level 10 in Fighting
   155 | D        | Reached skill level 13 in Polearms
   155 | D        | Reached skill level 10 in Armour
   155 | D        | Reached XP level 7. HP: 31/72 MP: 6/6
   170 | D        | Killed a wraith
   171 | D        | Reached skill level 14 in Polearms
   302 | D        | Noticed a cyclops
   302 | D        | Noticed a catoblepas
   302 | D        | Noticed a centaur warrior
   302 | D        | Noticed a vampire
   302 | D        | Noticed a komodo dragon
   302 | D        | Noticed a tarantella
   307 | D        | Killed a tarantella
   308 | D        | Reached XP level 8. HP: 61/82 MP: 7/7
   314 | D        | Killed a komodo dragon
   315 | D        | Reached skill level 15 in Polearms
   326 | D        | HP: 2/83 [something/blast of calcifying dust (3)]
   345 | D        | HP: 4/83 [centaur warrior/arrow (5)]
   347 | D        | HP: 1/83 [centaur warrior/arrow (2)]
   354 | D        | HP: 3/83 [centaur warrior/arrow (14)]
   355 | D        | Shot with an arrow by a centaur warrior

Illustrated notes

Levels and vault maps discovered:
D:        linesprint [early_d, line_temple, items_1, d_10, items_2, lair_1,
          lair_end, items_3, orc_1, orc_end, items_4, d_15, swamp_1, shoals_1,
          snake_1, spider_1, d_20, vaults_1, items_5, swamp_end, shoals_end,
          snake_end, spider_end, vaults_end, d_27, items_6, zot_1, zot_end,
          crypt_end, forest_end, elf_end, slime_end, tomb_end, abyss_end,
          pan_hell_end]

Skill      XL: |  1  2  3  4  5  6  7  8 |
---------------+-------------------------+-----
Polearms       | 7 8 12 13 14 15 | 15.8
Fighting       | 6 7 9 10 11 | 11.9
Armour         | 6 7 9 10 11 | 11.9
Shields        | |  3.6

Action                     |  1- 3 |  4- 6 |  7- 9 || total
---------------------------+-------+-------+-------++-------
  Melee: Trident           |    21 |     9 |       ||    30
         Headbutt          |     2 |     5 |     6 ||    13
         Halberd           |       |    18 |    22 ||    40
    Use: Potion            |       |     2 |     5 ||     7
         Scroll            |       |       |     2 ||     2
 Armour: Scale mail        |    11 |       |       ||    11
         Plate armour      |       |    13 |    12 ||    25
  Dodge: Dodged            |     6 |     9 |     6 ||    21
  Block: Buckler           |     5 |     2 |       ||     7
